WBC
WEST INDIES @ EUROPE
02/04/2060
 
TOP OF THE 1ST
West Indies batting - Pitching for Europe : RHP Dwan Tamarovsky
Pitching: RHP Dwan Tamarovsky
Batting: RHB Efren Zamora 0-0: Ball
1-0: Ball
2-0: Ball
3-0: Called Strike
3-1: Base on Balls
Batting: RHB Zeke Lebron 0-0: Ball
1-0: Ball
2-0: Ball
3-0: Called Strike
3-1: DOUBLE (Line Drive, 78XD, EV 105.0 MPH)
Efren Zamora to third
Runner from 3rd tries for Home, SAFE, no throw by LF
Batting: LHB Dorsey Cahue 0-0: Ball
1-0: Swinging Strike
1-1: Called Strike
1-2: Strikes out swinging
Batting: RHB LaMark Canete 0-0: Ball
1-0: Foul Ball, location: 2F
1-1: Swinging Strike
1-2: Foul Ball, location: 2F
1-2: Ball
2-2: Ground out 6-3 (Groundball, 6, EV 87.5 MPH)
Zeke Lebron to third
Batting: SHB Martavious Visser 0-0: Called Strike
0-1: Called Strike
0-2: Foul Ball, location: 2F
0-2: Strikes out swinging
Top of the 1st over - 1 run, 1 hit, 0 errors, 1 left on base; West Indies 1 - Europe 0
BOTTOM OF THE 1ST
Europe batting - Pitching for West Indies : RHP Tommy Martin
Pitching: RHP Tommy Martin
Batting: RHB Reginald Botoman 0-0: Called Strike
0-1: Swinging Strike
0-2: Ball
1-2: Fly out, F9 (Line Drive, 89M, EV 103.1 MPH)
Batting: RHB Mitt Saginashvili 0-0: Called Strike
0-1: SINGLE (Groundball, 56D, EV 106.2 MPH)
Batting: RHB Ezekiel Wolfson 0-0: Ball
1-0: Swinging Strike
1-1: Ball
2-1: Foul Ball, location: 2F
2-2: Strikes out swinging
Batting: LHB Ira Benda 0-0: Ball
Mitt Saginashvili steals 2nd base
1-0: Ball
2-0: Ball
3-0: Base on Balls
Batting: LHB Skye Maury 0-0: Ball
1-0: Called Strike
1-1: Foul Ball, location: 2F
1-2: Strikes out swinging
Bottom of the 1st over - 0 runs, 1 hit, 0 errors, 2 left on base; West Indies 1 - Europe 0
TOP OF THE 2ND
West Indies batting - Pitching for Europe : RHP Dwan Tamarovsky
Batting: RHB Derek Rosado 0-0: Ball
1-0: Foul Ball, location: 2F
1-1: Ball
2-1: Called Strike
2-2: Ball
3-2: Strikes out swinging
Batting: RHB Huston Cruz 0-0: Foul Ball, location: 2F
0-1: Foul Ball, location: 2F
0-2: Ball
1-2: Strikes out swinging
Batting: RHB Trinity Gonzalez 0-0: Ball
1-0: Swinging Strike
1-1: Ball
2-1: Foul Ball, location: 2F
2-2: Ball
3-2: Ground out 5-3 (Groundball, 5, EV 81.9 MPH)
Top of the 2nd over - 0 runs, 0 hits, 0 errors, 0 left on base; West Indies 1 - Europe 0
BOTTOM OF THE 2ND
Europe batting - Pitching for West Indies : RHP Tommy Martin
Batting: SHB JaQawn Schiegl 0-0: Ball
1-0: Called Strike
1-1: Ground out 6-3 (Groundball, 6, EV 103.1 MPH)
Batting: RHB Tyrek Schaaf 0-0: Fly out, F9 (Flyball, 9D, EV 101.9 MPH)
Batting: RHB Jahidi Mkheidze 0-0: Called Strike
0-1: Ball
1-1: Ground out 4-3 (Groundball, 4, EV 103.1 MPH)
Bottom of the 2nd over - 0 runs, 0 hits, 0 errors, 0 left on base; West Indies 1 - Europe 0
TOP OF THE 3RD
West Indies batting - Pitching for Europe : RHP Dwan Tamarovsky
Batting: RHB Tommy Martin 0-0: Swinging Strike
0-1: Called Strike
0-2: Strikes out swinging
Batting: RHB Efren Zamora 0-0: Ball
1-0: Swinging Strike
1-1: SINGLE (Groundball, 56D, EV 103.1 MPH)
Batting: RHB Zeke Lebron 0-0: Foul Ball, location: 2F
0-1: Ball
1-1: Swinging Strike
1-2: Strikes out looking
Batting: LHB Dorsey Cahue 0-0: Foul Ball, location: 2F
0-1: Ball
1-1: SINGLE (Groundball, 6MS, EV 69.4 MPH) (infield hit)
Efren Zamora to second
Batting: RHB LaMark Canete 0-0: Ball
1-0: Called Strike
1-1: Swinging Strike
1-2: Ball
2-2: Ball
3-2: Foul Ball, location: 2F
3-2: Strikes out looking
Top of the 3rd over - 0 runs, 2 hits, 0 errors, 2 left on base; West Indies 1 - Europe 0
BOTTOM OF THE 3RD
Europe batting - Pitching for West Indies : RHP Tommy Martin
Batting: RHB Dwan Tamarovsky 0-0: Called Strike
0-1: Ball
1-1: Ball
2-1: Called Strike
2-2: Foul Ball, location: 2F
2-2: Strikes out swinging
Batting: RHB Reginald Botoman 0-0: Called Strike
0-1: Swinging Strike
0-2: Ball
1-2: Ball
2-2: Strikes out swinging
Batting: RHB Mitt Saginashvili 0-0: Hit by Pitch
Batting: RHB Ezekiel Wolfson 0-0: Foul Ball, location: 2F
0-1: Ball
1-1: Ball
2-1: Foul Ball, location: 2F
Pickoff Throw to First - Out! 1-3
Bottom of the 3rd over - 0 runs, 0 hits, 0 errors, 0 left on base; West Indies 1 - Europe 0
TOP OF THE 4TH
West Indies batting - Pitching for Europe : RHP Dwan Tamarovsky
Batting: SHB Martavious Visser 0-0: Ball
1-0: Called Strike
1-1: Ball
2-1: Ball
3-1: Foul Ball, location: 2F
3-2: SINGLE (Groundball, 4MD, EV 103.8 MPH)
Batting: RHB Derek Rosado 0-0: Called Strike
0-1: Ball
1-1: Foul Ball, location: 2F
1-2: Strikes out swinging
Batting: RHB Huston Cruz 0-0: Called Strike
0-1: Fly out, F7 (Line Drive, 7D, EV 90.0 MPH)
Batting: RHB Trinity Gonzalez 0-0: Swinging Strike
0-1: Ball
1-1: Foul Ball, location: 2F
1-2: Strikes out looking
Top of the 4th over - 0 runs, 1 hit, 0 errors, 1 left on base; West Indies 1 - Europe 0
BOTTOM OF THE 4TH
Europe batting - Pitching for West Indies : RHP Tommy Martin
Batting: RHB Ezekiel Wolfson 0-0: Foul Ball, location: 2F
0-1: Called Strike
0-2: Foul Ball, location: 2F
0-2: Ground out 6-3 (Groundball, 6, EV 90.6 MPH)
Batting: LHB Ira Benda 0-0: Ground out U3 (Groundball, 13, EV 86.9 MPH)
Batting: LHB Skye Maury 0-0: Ball
1-0: SINGLE (Line Drive, 89S, EV 108.8 MPH)
Batting: SHB JaQawn Schiegl 0-0: Foul Ball, location: 2F
0-1: Ball
1-1: Ball
2-1: Foul Ball, location: 2F
2-2: Ground out U3 (Groundball, 3, EV 103.1 MPH)
Bottom of the 4th over - 0 runs, 1 hit, 0 errors, 1 left on base; West Indies 1 - Europe 0
TOP OF THE 5TH
West Indies batting - Pitching for Europe : RHP Dwan Tamarovsky
Batting: RHB Tommy Martin 0-0: Foul Ball, location: 2F
0-1: Ball
1-1: Ball
2-1: Foul Ball, location: 2F
2-2: Ball
3-2: Strikes out looking
Batting: RHB Efren Zamora 0-0: Called Strike
0-1: Reached on error, E5 (Groundball, 56, EV 85.6 MPH)
Batting: RHB Zeke Lebron 0-0: Swinging Strike
0-1: Foul Ball, location: 2F
0-2: Foul Ball, location: 2F
0-2: Ground out 6-3 (Groundball, 6, EV 92.5 MPH)
Efren Zamora to third
Batting: LHB Dorsey Cahue 0-0: Fly out, F6 (Line Drive, 4M, EV 66.2 MPH)
Top of the 5th over - 0 runs, 0 hits, 1 error, 1 left on base; West Indies 1 - Europe 0
BOTTOM OF THE 5TH
Europe batting - Pitching for West Indies : RHP Tommy Martin
Batting: RHB Tyrek Schaaf 0-0: Ball
1-0: Ball
2-0: Ball
3-0: Base on Balls
Batting: RHB Jahidi Mkheidze 0-0: Swinging Strike
0-1: Ball
1-1: SINGLE (Groundball, 56D, EV 91.2 MPH) (infield hit)
Tyrek Schaaf to second
Batting: RHB Dwan Tamarovsky 0-0: Sac Bunt to P - play at first, batter OUT! 1-4
Tyrek Schaaf to third
Jahidi Mkheidze to second
Batting: RHB Reginald Botoman 0-0: Ball
1-0: Ball
2-0: Ball
3-0: Foul Ball, location: 2F
3-1: Called Strike
3-2: Base on Balls
Batting: RHB Mitt Saginashvili 0-0: Swinging Strike
0-1: SINGLE (Line Drive, 9S, EV 105.6 MPH)
Tyrek Schaaf scores
Jahidi Mkheidze to third
Reginald Botoman to second
Batting: RHB Ezekiel Wolfson 0-0: Fly out, F8 (Flyball, 8RM, EV 91.2 MPH)
Runner from 3rd tags up, SCORES, throw by CF
Batting: LHB Ira Benda 0-0: Called Strike
0-1: Called Strike
0-2: Foul Ball, location: 2F
0-2: Ball
1-2: 3-RUN HOME RUN (Flyball, 89XD, EV 112.5 MPH), Distance : 425 ft
Pitching: RHP Benedict Zacarias
Batting: LHB Skye Maury 0-0: Fly out, F8 (Flyball, 8RM, EV 86.2 MPH)
Bottom of the 5th over - 5 runs, 3 hits, 0 errors, 0 left on base; West Indies 1 - Europe 5
TOP OF THE 6TH
West Indies batting - Pitching for Europe : RHP Dwan Tamarovsky
Batting: RHB LaMark Canete 0-0: Ball
1-0: Ball
2-0: Called Strike
2-1: SINGLE (Popup, 4D, EV 52.5 MPH)
Batting: SHB Martavious Visser 0-0: Called Strike
0-1: Fielders Choice at 2nd, 4-6 (Groundball, 4, EV 88.1 MPH)
Batting: RHB Derek Rosado 0-0: Swinging Strike
0-1: Swinging Strike
0-2: Strikes out swinging
Batting: RHB Huston Cruz 0-0: Ball
1-0: Called Strike
1-1: Foul Ball, location: 2F
1-2: Ball
2-2: Ball
3-2: SINGLE (Line Drive, 9S, EV 88.1 MPH)
Martavious Visser to second
Martavious Visser to third
Batting: RHB Trinity Gonzalez 0-0: Ball
1-0: Ball
2-0: Ball
3-0: Called Strike
3-1: Ground out 1-3 (Groundball, 13, EV 66.9 MPH)
Top of the 6th over - 0 runs, 2 hits, 0 errors, 2 left on base; West Indies 1 - Europe 5
BOTTOM OF THE 6TH
Europe batting - Pitching for West Indies : RHP Benedict Zacarias
Batting: SHB JaQawn Schiegl 0-0: Called Strike
0-1: Foul Ball, location: 2F
0-2: Ball
1-2: Ball
2-2: Strikes out swinging
Batting: RHB Tyrek Schaaf 0-0: Fly out, F7 (Flyball, 78M, EV 90.6 MPH)
Batting: RHB Jahidi Mkheidze 0-0: Ball
1-0: DOUBLE (Groundball, 5L, EV 94.4 MPH)
Pinch Hitting: RHB Frank Memmi 0-0: Ball
1-0: Swinging Strike
1-1: Ball
2-1: Ball
3-1: Foul Ball, location: 2F
3-2: SINGLE (Line Drive, 4D, EV 108.1 MPH)
Jahidi Mkheidze to third
Batting: RHB Reginald Botoman 0-0: Ball
1-0: Ball
2-0: SINGLE (Groundball, 6MD, EV 96.9 MPH)
Jahidi Mkheidze scores
Frank Memmi to second
Batting: RHB Mitt Saginashvili 0-0: Called Strike
0-1: Ball
1-1: Foul Ball, location: 2F
1-2: SINGLE (Groundball, 6MD, EV 82.5 MPH) (infield hit)
Frank Memmi to third
Reginald Botoman to second
Batting: RHB Ezekiel Wolfson 0-0: Called Strike
0-1: Hit by Pitch
Frank Memmi scores
Reginald Botoman to third
Mitt Saginashvili to second
Batting: LHB Ira Benda 0-0: Ground out 3-1 (Groundball, 34S, EV 83.1 MPH)
Bottom of the 6th over - 2 runs, 4 hits, 0 errors, 3 left on base; West Indies 1 - Europe 7
TOP OF THE 7TH
West Indies batting - Pitching for Europe : RHP Dwan Tamarovsky
Pitching: RHP Noel Matthews
Pinch Hitting: LHB B.J. Solis 0-0: Called Strike
0-1: Ball
1-1: Swinging Strike
1-2: Strikes out looking
Batting: RHB Efren Zamora 0-0: Ball
1-0: Foul Ball, location: 2F
1-1: Swinging Strike
1-2: Ground out 6-3 (Groundball, 6, EV 103.8 MPH)
Batting: RHB Zeke Lebron 0-0: Swinging Strike
0-1: Ball
1-1: Swinging Strike
1-2: Ball
2-2: SINGLE (Groundball, 13S, EV 63.8 MPH) (infield hit)
Batting: LHB Dorsey Cahue 0-0: Ball
Zeke Lebron steals 2nd base
1-0: Ball
2-0: Foul Ball, location: 2F
2-1: Swinging Strike
2-2: Strikes out swinging
Top of the 7th over - 0 runs, 1 hit, 0 errors, 1 left on base; West Indies 1 - Europe 7
BOTTOM OF THE 7TH
Europe batting - Pitching for West Indies : RHP Benedict Zacarias
Pitching: RHP Rashaan Loomans
Batting: LHB Skye Maury 0-0: Swinging Strike
0-1: Called Strike
0-2: Strikes out swinging
Batting: SHB JaQawn Schiegl 0-0: Ball
1-0: Foul Ball, location: 2F
1-1: Foul Ball, location: 2F
1-2: Ground out 4-3 (Groundball, 4, EV 81.9 MPH)
Batting: RHB Tyrek Schaaf 0-0: Called Strike
0-1: Called Strike
0-2: Ball
1-2: Foul Ball, location: 2F
1-2: DOUBLE (Flyball, 8RXD, EV 101.9 MPH)
Batting: RHB Jahidi Mkheidze 0-0: Swinging Strike
0-1: Ball
1-1: Foul Ball, location: 2F
1-2: Ball
2-2: Ball
3-2: Base on Balls
Pinch Hitting: RHB Kenan Latousakis 0-0: Ball
1-0: Ball
Wild Pitch!
Tyrek Schaaf to third
Jahidi Mkheidze to second
2-0: Ball
3-0: Called Strike
3-1: Fly out, F5 (Line Drive, 5L, EV 67.5 MPH)
Bottom of the 7th over - 0 runs, 1 hit, 0 errors, 2 left on base; West Indies 1 - Europe 7
TOP OF THE 8TH
West Indies batting - Pitching for Europe : RHP Noel Matthews
Pitching: RHP A.J. Zhovtun
Batting: RHB LaMark Canete 0-0: Ball
1-0: Called Strike
1-1: Ball
2-1: Foul Ball, location: 2F
2-2: SINGLE (Groundball, 56D, EV 108.1 MPH)
Batting: SHB Martavious Visser 0-0: Swinging Strike
0-1: Foul Ball, location: 2F
0-2: SINGLE (Flyball, 9LS, EV 99.4 MPH)
LaMark Canete to second
Batting: RHB Derek Rosado 0-0: Foul Ball, location: 2F
0-1: Ball
1-1: Foul Ball, location: 2F
1-2: Strikes out looking
Batting: RHB Huston Cruz 0-0: Foul Ball, location: 2F
0-1: Ball
1-1: Swinging Strike
1-2: SINGLE (Groundball, 6M, EV 103.8 MPH) (infield hit)
LaMark Canete to third
Martavious Visser to second
Batting: RHB Trinity Gonzalez 0-0: Foul Ball, location: 2F
0-1: Swinging Strike
0-2: Strikes out swinging
Pinch Hitting: RHB Rykeem Potts 0-0: Ball
1-0: Foul Ball, location: 2F
1-1: Called Strike
1-2: Foul Ball, location: 2F
1-2: Strikes out swinging
Top of the 8th over - 0 runs, 3 hits, 0 errors, 3 left on base; West Indies 1 - Europe 7
BOTTOM OF THE 8TH
Europe batting - Pitching for West Indies : RHP Rashaan Loomans
Pitching: RHP Casey Luder
Batting: RHB Reginald Botoman 0-0: Ball
1-0: Foul Ball, location: 2F
1-1: SINGLE (Groundball, 4MD, EV 98.1 MPH)
Batting: RHB Mitt Saginashvili 0-0: Ball
1-0: Foul Ball, location: 2F
1-1: Called Strike
Reginald Botoman steals 2nd base
1-2: Ball
2-2: Foul Ball, location: 2F
2-2: Ball
3-2: Foul Ball, location: 2F
3-2: SINGLE (Groundball, 56D, EV 95.6 MPH)
Reginald Botoman to third
Runner from 3rd tries for Home, SAFE, throw by LF to home
Batting: RHB Ezekiel Wolfson 0-0: SINGLE (Line Drive, 8RS, EV 103.8 MPH)
Mitt Saginashvili to second
Batting: LHB Ira Benda 0-0: Ball
1-0: Ball
2-0: Ball
3-0: Called Strike
3-1: Base on Balls
Mitt Saginashvili to third
Ezekiel Wolfson to second
Batting: LHB Skye Maury 0-0: Ball
1-0: Swinging Strike
1-1: Called Strike
1-2: Ball
2-2: Foul Ball, location: 2F
2-2: Ball
3-2: Foul Ball, location: 2F
3-2: Fielders Choice at 2nd, 5-4 (Groundball, 56, EV 79.4 MPH)
Mitt Saginashvili scores
Ezekiel Wolfson to third
Batting: SHB JaQawn Schiegl 0-0: Swinging Strike
0-1: Fly out, F8 (Flyball, 8RD, EV 83.8 MPH)
Runner from 3rd tags up, OUT at HOME! 8-2
Bottom of the 8th over - 2 runs, 3 hits, 0 errors, 1 left on base; West Indies 1 - Europe 9
TOP OF THE 9TH
West Indies batting - Pitching for Europe : RHP A.J. Zhovtun
Batting: RHB Efren Zamora 0-0: Ball
1-0: Foul Ball, location: 2F
1-1: Called Strike
1-2: Ball
2-2: Foul Ball, location: 2F
2-2: Foul Ball, location: 2F
2-2: Foul Ball, location: 2F
2-2: SINGLE (Groundball, 34D, EV 109.4 MPH)
Pitching: LHP Taishawn Ballios
Batting: RHB Zeke Lebron 0-0: Called Strike
0-1: Ball
1-1: Called Strike
1-2: Ball
2-2: Ball
3-2: Foul Ball, location: 2F
3-2: Base on Balls
Efren Zamora to second
Batting: LHB Dorsey Cahue 0-0: Ball
1-0: Ball
2-0: Foul Ball, location: 2F
2-1: Foul Ball, location: 2F
2-2: Strikes out swinging
Batting: RHB LaMark Canete 0-0: Foul Ball, location: 2F
0-1: Foul Ball, location: 2F
0-2: Ball
1-2: Foul Ball, location: 2F
1-2: Ball
2-2: Ball
3-2: Strikes out swinging
Batting: SHB Martavious Visser 0-0: Ball
1-0: Ball
2-0: Called Strike
2-1: Ball
3-1: SINGLE (Groundball, 6D, EV 97.5 MPH)
Efren Zamora to third
Zeke Lebron to second
Batting: RHB Derek Rosado 0-0: Ball
1-0: SINGLE (Line Drive, 6M, EV 96.2 MPH)
Efren Zamora scores
Zeke Lebron to third
Martavious Visser to second
Batting: RHB Huston Cruz 0-0: Called Strike
0-1: Swinging Strike
0-2: Foul Ball, location: 2F
0-2: Strikes out looking
Top of the 9th over - 1 run, 3 hits, 0 errors, 3 left on base; West Indies 2 - Europe 9
Sunday, April 14th , 2024 - OOTP Baseball 23.10 Build 110